 Dungeon Crawl Stone Soup version 0.23.1-37-gaa34b87 (console) character file.

Game seed: 12231352302738984287

84309 fly the Nimble (level 15, -1/120 HPs)
             Began as a Gnoll Monk on Mar 23, 2019.
             Was a Follower of Uskayaw.
             Slain by a merfolk
             ... wielding a +0 spear
              (15 damage)
             ... on level 1 of the Shoals on Mar 24, 2019.
             The game lasted 01:07:51 (30283 turns).

fly the Nimble (Gnoll Monk)                        Turns: 30283, Time: 01:07:51

Health: -1/120     AC: 14    Str: 19    XL:     15   Next: 80%
Magic:  29/29      EV: 24    Int: 15    God:    Uskayaw [*.....]
Gold:   896        SH:  8    Dex: 26    Spells: 24/34 levels left

rFire    + + .     SeeInvis .   a - +3 scimitar (flame)
rCold    . . .     Gourm    .   v - +0 buckler "Etuuxzeu" {rF+ rN+ Dex+4 Slay+3}
rNeg     + . .     Faith    .   y - +3 leather armour "Riohesse" {rF+ rCorr}
rPois    .         Spirit   .   e - +0 hat "Arouteamm" {Int+3}
rElec    .         Reflect  .   q - scarf {repulsion}
rCorr    +         Harm     .   r - +0 pair of gloves
MR       +....                  (no boots)
Stlth    +++++.....             (no amulet)
HPRegen  0.30/turn              G - +6 ring of protection
MPRegen  0.21/turn              k - +3 ring of dexterity

@: repel missiles
A: distributed training, fangs 1, strong nose
a: Stomp, Renounce Religion


You were on level 1 of the Shoals.
You worshipped Uskayaw.
Uskayaw was aware of your devotion.
You were not hungry.

You visited 6 branches of the dungeon, and saw 23 of its levels.
You also visited: Gauntlet.

You collected 2439 gold pieces.
You spent 1543 gold pieces at shops.

Inventory:

Hand Weapons
 a - a +3 scimitar of flaming (weapon)
 b - a +4 scimitar of holy wrath
 w - a +0 blowgun
Missiles
 C - 10 curare-tipped needles
Armour
 e - the +0 hat "Arouteamm" (worn) {Int+3}
   (You found it in a Gauntlet)

   It affects your intelligence (+3).
 q - a scarf of repulsion (worn)
 r - a +0 pair of gloves (worn)
 v - the +0 buckler "Etuuxzeu" (worn) {rF+ rN+ Dex+4 Slay+3}
   (You bought it in a shop on level 2 of the Orcish Mines)

   It affects your dexterity (+4).
   It affects your accuracy and damage with ranged weapons and melee attacks
   (+3).
   It protects you from fire.
   It protects you from negative energy.
 y - the +3 leather armour "Riohesse" (worn) {rF+ rCorr}
   (You bought it in a shop on level 11 of the Dungeon)

   It protects you from fire.
   It provides partial protection from all sources of acid and corrosion.
Jewellery
 k - a +3 ring of dexterity (right hand)
 G - a +6 ring of protection (left hand)
Wands
 l - a wand of digging (13)
 u - a wand of polymorph (8)
 B - a wand of flame (5)
 E - a wand of disintegration (31)
 I - a wand of iceblast (5)
Scrolls
 f - 4 scrolls of fear
 i - 2 scrolls of fog
 j - a scroll of vulnerability {unknown}
 n - 2 scrolls of blinking
 x - 2 scrolls of magic mapping
 A - 6 scrolls of teleportation
Potions
 c - 4 potions of curing
 d - 2 potions of invisibility
 g - a potion of berserk rage
 h - 2 potions of lignification
 p - a potion of magic
 D - 2 potions of resistance
 F - a potion of flight
 J - 4 potions of haste
Comestibles
 m - 30 rations


   Skills:
 + Level 11.8 Fighting
 + Level 10.1 Short Blades
 + Level 11.8 Long Blades
 + Level 10.1 Axes
 + Level 10.1 Maces & Flails
 + Level 10.1 Polearms
 + Level 10.1 Staves
 + Level 10.1 Slings
 + Level 10.1 Bows
 + Level 10.1 Crossbows
 + Level 10.1 Throwing
 + Level 10.1 Armour
 + Level 11.8 Dodging
 + Level 10.9 Stealth
 + Level 10.1 Shields
 + Level 10.1 Unarmed Combat
 + Level 10.1 Spellcasting
 + Level 8.5 Conjurations
 + Level 8.5 Hexes
 + Level 8.5 Charms
 + Level 8.5 Summonings
 + Level 8.5 Necromancy
 + Level 8.5 Translocations
 + Level 8.5 Transmutations
 + Level 8.5 Fire Magic
 + Level 8.5 Ice Magic
 + Level 8.5 Air Magic
 + Level 8.5 Earth Magic
 + Level 8.5 Poison Magic
 + Level 11.0 Invocations
 + Level 10.1 Evocations


You had 24 spell levels left.
You knew the following spells:

 Your Spells              Type           Power        Failure   Level  Hunger
b - Blink                 Tloc           N/A          1%          2    None
c - Mephitic Cloud        Conj/Pois/Air  ####....     1%          3    None
f - Conjure Flame         Conj/Fire      ####....     1%          3    None
s - Call Imp              Summ           ####....     1%          2    None

Your spell library contained the following spells:

 Spells                   Type           Power        Failure   Level  Hunger
 Corona                   Hex            ####...      1%          1    None
 Flame Tongue             Conj/Fire      ####.        1%          1    None
 Magic Dart               Conj           ####         1%          1    None
 Ensorcelled Hibernation  Hex/Ice        ####..       1%          2    None
 Slow                     Hex            ####....     1%          2    None
 Throw Flame              Conj/Fire      ####..       1%          2    None
 Confuse                  Hex            ####....     1%          3    None
 Dazzling Spray           Conj/Hex       ####..       1%          3    None
 Inner Flame              Hex/Fire       ####....     1%          3    None
 Tukima's Dance           Hex            ####....     1%          3    None
 Force Lance              Conj/Tloc      ####....     3%          4    ###....
 Leda's Liquefaction      Hex/Erth       ####......   3%          4    ###....
 Sticky Flame             Conj/Fire      ####....     3%          4    ###....
 Bolt of Magma            Conj/Fire/Erth ####......   9%          5    #####..
 Fireball                 Conj/Fire      ####......   9%          5    #####..
 Irradiate                Conj/Tmut      ####......   9%          5    #####..
 Hydra Form               Tmut           ####......   45%         6    ######.
 Iron Shot                Conj/Erth      ####......   45%         6    ######.
 Statue Form              Tmut/Erth      ####.....    45%         6    ######.
 Dragon Form              Tmut           ####......   95%         7    #######
 Haunt                    Necr/Summ      ####......   95%         7    #######
 Borgnjor's Revivificati  Necr           ####......   100%        8    #######
 Death's Door             Chrm/Necr      ####......   100%        8    #######
 Infestation              Necr           ####......   100%        8    #######
 Necromutation            Tmut/Necr      ####......   100%        8    #######
 Shatter                  Erth           ####......   100%        9    #######


Dungeon Overview and Level Annotations

Branches:
Dungeon (12/15)            Temple (1/1) D:4            Lair (6/6) D:10
 Shoals (1/4) Lair:2       Spider (0/4) Lair:4        Slime (0/5) Lair:5
    Orc (2/2) D:10            Elf (1/3) Orc:2

Altars:
Ashenzari
Cheibriados
Dithmenos
Elyvilon
Fedhas
Gozag
Hepliaklqana
Kikubaaqudgha
Makhleb
Nemelex Xobeh
Okawaru
Qazlal
Ru
Sif Muna
Trog
Uskayaw
Vehumet
Wu Jian
Xom
Yredelemnul
Zin
The Shining One

Shops:
D:6 *   D:8 :%*?   D:11 }***[   D:12 [   Orc:2 !}([


Innate Abilities, Weirdness & Mutations

Your experience applies equally to all skills.
You have very sharp teeth.
Your uncanny sense of smell can sniff out nearby items.


Message History

The merfolk impaler completely misses you.
You block the merfolk impaler's attack.
You see here a sea snake corpse.
You enter the shallow water.
Moving in this stuff is going to be slow.
The merfolk throws a steel tomahawk.
The steel tomahawk closely misses you.
The merfolk throws a steel tomahawk.
The steel tomahawk closely misses you.
You see here 2 steel tomahawks.
You enter the shallow water.
Moving in this stuff is going to be slow.
The merfolk impaler hits you but does no damage.
You block the merfolk impaler's attack.
You see here 18 stones.
You enter the shallow water.
Moving in this stuff is going to be slow.
The merfolk closely misses you.
The merfolk hits you from afar with a +0 glaive!
* * * LOW HITPOINT WARNING * * *
The merfolk hits you from afar with a +0 spear!
You die...

≈≈≈≈≈≈≈≈≈≈≈≈≈≈≈≈≈≈≈≈≈≈≈.## ##.≈≈≈
≈≈≈≈≈≈≈≈≈≈≈≈≈≈≈≈≈≈≈≈≈≈.## ##.≈≈
≈≈≈≈≈≈≈≈≈≈≈≈≈≈≈≈≈≈≈≈≈.## #.≈≈
≈≈≈≈≈≈≈≈≈≈≈≈≈≈≈≈≈≈≈≈..# #..≈
≈≈≈≈≈≈≈≈≈≈≈..≈≈≈≈≈≈≈.## #####...
≈≈.≈...(.≈≈..≈≈≈≈≈≈)## ##.......
≈≈......≈≈≈≈..÷≈≈...# #.....≈..
≈...##..≈≈..(..≈...## #....≈≈..
≈≈..###.....##m≈@#### ##..≈≈≈≈≈
≈≈..###....###m≈.##.## ##..≈≈≈≈
≈≈..........#.m≈≈≈≈..######.≈.≈≈≈
≈≈≈≈^........m≈≈≈≈≈......#..≈..≈≈
≈≈≈≈≈..≈...........≈≈≈.)#...≈≈.≈≈
≈≈≈≈≈≈≈..........≈≈≈≈≈..##..≈.(≈≈
≈≈≈≈≈≈....##.....≈≈≈≈≈.###.....≈.
≈≈≈≈≈≈≈..###.....≈≈≈≈..........≈.
≈≈≈≈≈≈≈≈....≈≈...≈≈≈≈≈≈≈...≈≈≈≈≈≈


You could see a merfolk impaler and 3 merfolk.

Vanquished Creatures
  An orc warlord (Orc:1)
  Nessos (Lair:4)
  A minotaur (Gauntlet)
  An ettin (Orc:2)
  A death ooze (Gauntlet)
  3 ogre magi
  6 hydras
  Erica (D:9)
  2 death knights
  A centaur warrior (D:12)
  2 dancing weapons (Elf:1)
  5 death yaks (Lair:1)
  8 two-headed ogres (Orc:2)
  2 deep elf knights
  Urug (Lair:2)
  Sonja (Lair:4)
  A sea snake (Shoals:1)
  2 deep trolls (Orc:2)
  A deep elf archer (Elf:1)
  3 harpies (Shoals:1)
  A necromancer (Lair:6)
  A phantasmal warrior (D:11)
  2 deep elf magi (Elf:1)
  2 ugly things (D:11)
  3 oklob plants (Lair:4)
  2 orc sorcerers
  3 cyclopes
  A manticore (D:12)
  A faun (Shoals:1)
  A merfolk siren (Shoals:1)
  A moth of wrath (Gauntlet)
  A centaur zombie (D:12)
  6 elephants
  A gargoyle (D:10)
  26 spiny frogs
  A spiny frog (shapeshifter) (D:7)
  6 komodo dragons
  2 rime drakes
  An ice devil (Gauntlet)
  A freezing wraith (D:11)
  A meliai (shapeshifter) (D:12)
  7 merfolk
  13 trolls
  A meliai (D:12)
  26 blink frogs
  3 tyrant leeches (Lair:6)
  A polar bear (Lair:3)
  7 hippogriffs
  43 yaks
  Sigmund (D:2)
  4 redbacks (Gauntlet)
  2 water elementals
  3 wraiths
  A wyvern (Lair:4)
  A basilisk (Lair:3)
  A fire elemental (D:12)
  11 vampire mosquitoes
  An acid dragon (D:12)
  8 porcupines
  16 water moccasins
  4 sky beasts
  20 orc warriors
  3 ice beasts
  2 black bears (D:10)
  25 ogres
  7 centaurs
  11 wolves
  11 crocodiles
  Blork the orc (D:4)
  A wyvern zombie (D:7)
  A gnoll sergeant (Orc:1)
  29 bullfrogs
  An earth elemental (Elf:1)
  A wyvern skeleton (D:12)
  6 scorpions
  13 electric eels
  4 crimson imps
  A lava snake (D:12)
  2 bullfrog zombies
  11 orc priests
  6 hounds
  3 jellies
  24 orc wizards
  5 bullfrog skeletons
  Crazy Yiuf (D:2)
  5 iguanas
  11 worker ants
  Ijyb (D:4)
  2 yak simulacra (Lair:6)
  3 polar bear simulacra (Lair:6)
  4 wolf simulacra (Lair:6)
  2 hound zombies
  3 gnolls (Orc:1)
  A howler monkey skeleton (D:7)
  7 adders
  A shadow imp (D:9)
  3 white imps (Gauntlet)
  An ooze (D:1)
  An adder zombie (D:8)
  An adder skeleton (D:8)
  2 worms (Lair:4)
  A dart slug (D:1)
  4 leopard geckos
  94 orcs
  8 bats
  2 giant cockroaches
  5 goblins (D:1)
  9 hobgoblins
  10 jackals
  3 quokkas
  6 frilled lizards
  9 kobolds
  A leopard gecko skeleton (D:5)
  2 rats (D:2)
  2 river rat simulacra (Lair:6)
  A plant (Lair:6)
656 creatures vanquished.

Vanquished Creatures (others)
  A hound (D:12)
  An orc wizard (D:12)
  12 fungi
  30 plants
44 creatures vanquished.

Grand Total: 700 creatures vanquished

Notes
Turn   | Place    | Note
-------+----------+-------------------------------------------
     0 | D:1      | fly the Gnoll Monk began the quest for the Orb.
     0 | D:1      | Reached XP level 1. HP: 23/23 MP: 1/1
   311 | D:1      | Reached XP level 2. HP: 28/29 MP: 2/2
   630 | D:1      | Reached XP level 3. HP: 34/35 MP: 3/3
  1108 | D:2      | Reached skill level 1 in Invocations
  1260 | D:2      | Found a runed translucent door.
  1261 | D:2      | Noticed Crazy Yiuf
  1271 | D:2      | Paralysed by Crazy Yiuf for 7 turns
  1273 | D:2      | Killed Crazy Yiuf
  1273 | D:2      | Reached skill level 1 in Short Blades
  1273 | D:2      | Reached skill level 1 in Axes
  1273 | D:2      | Reached skill level 1 in Maces & Flails
  1273 | D:2      | Reached skill level 1 in Polearms
  1273 | D:2      | Reached skill level 1 in Staves
  1273 | D:2      | Reached skill level 1 in Slings
  1273 | D:2      | Reached skill level 1 in Bows
  1273 | D:2      | Reached skill level 1 in Crossbows
  1273 | D:2      | Reached skill level 1 in Throwing
  1273 | D:2      | Reached skill level 1 in Armour
  1273 | D:2      | Reached skill level 1 in Shields
  1273 | D:2      | Reached skill level 1 in Unarmed Combat
  1273 | D:2      | Reached skill level 1 in Spellcasting
  1273 | D:2      | Reached skill level 1 in Evocations
  1273 | D:2      | Reached XP level 4. HP: 16/41 MP: 0/5
  1544 | D:2      | Found a faded altar of an unknown god.
  1716 | D:2      | Noticed Sigmund
  1740 | D:2      | Killed Sigmund
  1740 | D:2      | Reached skill level 1 in Conjurations
  1740 | D:2      | Reached skill level 1 in Hexes
  1740 | D:2      | Reached skill level 1 in Charms
  1740 | D:2      | Reached skill level 1 in Summonings
  1740 | D:2      | Reached skill level 1 in Necromancy
  1740 | D:2      | Reached skill level 1 in Translocations
  1740 | D:2      | Reached skill level 1 in Transmutations
  1740 | D:2      | Reached skill level 1 in Fire Magic
  1740 | D:2      | Reached skill level 1 in Ice Magic
  1740 | D:2      | Reached skill level 1 in Air Magic
  1740 | D:2      | Reached skill level 1 in Earth Magic
  1740 | D:2      | Reached skill level 1 in Poison Magic
  1740 | D:2      | Reached XP level 5. HP: 20/47 MP: 5/7
  1740 | D:2      | Reached XP level 6. HP: 22/53 MP: 5/8
  2890 | D:4      | Found a staircase to the Ecumenical Temple.
  2912 | Temple   | Entered the Ecumenical Temple
  3137 | Temple   | Became a worshipper of Uskayaw the Reveler
  3137 | Temple   | Reached * piety under Uskayaw
  3221 | D:4      | Reached ** piety under Uskayaw
  3226 | D:4      | Reached XP level 7. HP: 52/59 MP: 10/10
  3246 | D:4      | Noticed Blork the orc
  3260 | D:4      | Killed Blork the orc
  3350 | D:4      | Noticed a spiny frog
  3350 | D:4      | a black bear changed into a spiny frog
  3357 | D:4      | Killed a spiny frog
  3357 | D:4      | Reached skill level 5 in Stealth
  3357 | D:4      | Reached *** piety under Uskayaw
  3422 | D:4      | Got a faintly glowing copper ring
  3424 | D:4      | Identified the ring "Doaf" {Fire *Slow rElec MR+ Str+4}
                  | (You found it on level 4 of the Dungeon)
  3482 | D:4      | Reached XP level 8. HP: 50/67 MP: 12/12
  3504 | D:4      | Reached **** piety under Uskayaw
  3793 | D:4      | Noticed Ijyb
  3804 | D:4      | Killed Ijyb
  3923 | D:5      | Entered Level 5 of the Dungeon
  5308 | D:6      | Found a hazy altar of Hepliaklqana.
  5314 | D:6      | Found a bloodstained altar of Trog.
  5778 | D:6      | Found Zyath's Assorted Antiques.
  5875 | D:6      | Bought a spiked large shield for 228 gold pieces
  5881 | D:6      | Identified the -4 large shield of Circular Logic {Str+5}
                  | (You bought it in a shop on level 6 of the Dungeon)
  6038 | D:7      | Reached XP level 9. HP: 66/72 MP: 14/14
  6278 | D:7      | Noticed a spiny frog
  6278 | D:7      | a shapeshifter changed into a spiny frog
  6283 | D:7      | Killed a spiny frog
  6532 | D:7      | Reached skill level 5 in Invocations
  6532 | D:7      | Reached ***** piety under Uskayaw
  6538 | D:7      | Reached XP level 10. HP: 34/80 MP: 15/17
  6977 | D:6      | Bought a scroll of identify for 48 gold pieces
  7027 | D:8      | Found Cinemuipn's Food Boutique.
  7027 | D:8      | Found Lazesi's General Store.
  7037 | D:8      | Bought a scroll of noise for 12 gold pieces
  7069 | D:8      | Found a stormy altar of Qazlal.
  7114 | D:8      | Found Ibroe's Magic Scroll Emporium.
  7365 | D:8      | Found Jomej's Book Emporium.
  7748 | D:8      | Bought a scroll of identify for 24 gold pieces
  7748 | D:8      | Bought a scroll of identify for 24 gold pieces
  7788 | D:9      | Reached skill level 5 in Short Blades
  7788 | D:9      | Reached skill level 5 in Axes
  7788 | D:9      | Reached skill level 5 in Maces & Flails
  7788 | D:9      | Reached skill level 5 in Polearms
  7788 | D:9      | Reached skill level 5 in Staves
  7788 | D:9      | Reached skill level 5 in Slings
  7788 | D:9      | Reached skill level 5 in Bows
  7788 | D:9      | Reached skill level 5 in Crossbows
  7788 | D:9      | Reached skill level 5 in Throwing
  7788 | D:9      | Reached skill level 5 in Armour
  7788 | D:9      | Reached skill level 5 in Shields
  7788 | D:9      | Reached skill level 5 in Unarmed Combat
  7788 | D:9      | Reached skill level 5 in Spellcasting
  7788 | D:9      | Reached skill level 5 in Evocations
  8558 | D:9      | Noticed Erica
  8573 | D:9      | Killed Erica
  8879 | D:9      | Found a glowing silver altar of Zin.
  9022 | D:8      | Bought 2 potions of curing for 72 gold pieces
  9053 | D:10     | Entered Level 10 of the Dungeon
  9097 | D:10     | Noticed a gargoyle
  9107 | D:10     | Killed a gargoyle
  9215 | D:10     | Found a staircase to the Lair.
  9356 | D:10     | Reached XP level 11. HP: 76/87 MP: 19/19
  9816 | D:10     | Found a staircase to the Orcish Mines.
 10159 | D:10     | Reached skill level 5 in Conjurations
 10159 | D:10     | Reached skill level 5 in Hexes
 10159 | D:10     | Reached skill level 5 in Charms
 10159 | D:10     | Reached skill level 5 in Summonings
 10159 | D:10     | Reached skill level 5 in Necromancy
 10159 | D:10     | Reached skill level 5 in Translocations
 10159 | D:10     | Reached skill level 5 in Transmutations
 10159 | D:10     | Reached skill level 5 in Fire Magic
 10159 | D:10     | Reached skill level 5 in Ice Magic
 10159 | D:10     | Reached skill level 5 in Air Magic
 10159 | D:10     | Reached skill level 5 in Earth Magic
 10159 | D:10     | Reached skill level 5 in Poison Magic
 10453 | Lair:1   | Entered Level 1 of the Lair of Beasts
 11344 | Lair:1   | Noticed a death yak
 11345 | Lair:1   | Noticed a death yak
 11345 | Lair:1   | Noticed a death yak
 11346 | Lair:1   | Noticed a death yak
 11347 | Lair:1   | Noticed a death yak
 11391 | Lair:1   | Killed a death yak
 11420 | Lair:1   | Killed a death yak
 11422 | Lair:1   | Killed a death yak
 11423 | Lair:1   | Killed a death yak
 11426 | Lair:1   | Killed a death yak
 11426 | Lair:1   | Reached XP level 12. HP: 17/96 MP: 20/22
 12220 | Lair:2   | Noticed Urug
 12234 | Lair:2   | Killed Urug
 13479 | Lair:2   | Found a staircase to the Shoals.
 13605 | Lair:2   | Reached skill level 10 in Fighting
 13605 | Lair:2   | Reached skill level 10 in Long Blades
 13605 | Lair:2   | Reached skill level 10 in Dodging
 14339 | D:11     | Found Bofuituu's Assorted Antiques.
 14346 | D:11     | Bought a scroll of identify for 52 gold pieces
 14346 | D:11     | Bought a ruby potion for 23 gold pieces
 14346 | D:11     | Bought a scroll labeled QONAJA NAILAI for 26 gold pieces
 14436 | D:11     | Found Zahaji's Armour Shop.
 14477 | D:11     | Noticed a death knight
 14519 | D:11     | Reached XP level 13. HP: 52/103 MP: 24/24
 14835 | D:11     | Found a stormy altar of Qazlal.
 14856 | D:11     | Found Oxeufer's General Store.
 14859 | D:11     | Bought a potion of curing for 45 gold pieces
 14859 | D:11     | Bought a potion of heal wounds for 75 gold pieces
 15003 | D:11     | Found Nelytumm's Gadget Emporium.
 15216 | D:11     | Found Wisecs's Assorted Antiques.
 15813 | D:12     | Found a blossoming altar of Fedhas.
 15866 | D:12     | Noticed an ogre mage
 15878 | D:12     | Paralysed by an ogre mage for 7 turns
 17686 | D:12     | Killed an ogre mage
 17700 | D:12     | Found Fiogg's Antique Armour Emporium.
 18045 | D:12     | Identified Rizi's Incunabulum of Damage Dealing
 18050 | D:12     | Learned a level 2 spell: Blink
 18054 | D:12     | Learned a level 3 spell: Mephitic Cloud
 18058 | D:12     | Learned a level 3 spell: Conjure Flame
 18061 | D:12     | Learned a level 2 spell: Call Imp
 18364 | Orc:1    | Entered Level 1 of the Orcish Mines
 18471 | Orc:1    | Reached ****** piety under Uskayaw
 18473 | Orc:1    | Noticed an orc warlord
 19030 | Lair:3   | Identified a scroll of acquirement
 19033 | Lair:3   | Got a warped eveningstar
 19034 | Lair:3   | Identified the +6 eveningstar of fly's Exquisite Death
                  | {elec, rElec rC+ MR+ SInv} (You acquired it on level 3 of
                  | the Lair of Beasts)
 19294 | Lair:3   | Reached XP level 14. HP: 44/111 MP: 26/26
 20356 | D:11     | Bought a bloodstained leather armour for 154 gold pieces
 20368 | D:11     | Identified the +3 leather armour "Riohesse" {rF+ rCorr}
                  | (You bought it in a shop on level 11 of the Dungeon)
 20613 | Orc:1    | Killed an orc warlord
 20930 | Orc:2    | Entered Level 2 of the Orcish Mines
 20955 | Orc:2    | Found a staircase to the Elven Halls.
 21281 | Orc:2    | Found Gofeoddo's Gadget Emporium.
 21887 | Orc:2    | Found Gedegugg's Weapon Boutique.
 21888 | Orc:2    | Found Votaolucag's Distillery.
 21889 | Orc:2    | Found Koug's Antique Armour Shoppe.
 21899 | Orc:2    | Reached skill level 10 in Stealth
 22211 | Orc:2    | Bought a translucent buckler for 228 gold pieces
 22211 | Orc:2    | Bought a spiked leather armour for 168 gold pieces
 22253 | Orc:2    | Identified the cursed +0 buckler "Etuuxzeu" {rF+ rN+ Dex+4
                  | Slay+3} (You bought it in a shop on level 2 of the Orcish
                  | Mines)
 22263 | Orc:2    | Identified the cursed +1 leather armour of Cekk {rC++
                  | Dex-3} (You bought it in a shop on level 2 of the Orcish
                  | Mines)
 22547 | Orc:2    | Reached skill level 10 in Invocations
 23320 | Elf:1    | Entered Level 1 of the Elven Halls
 24230 | Lair:4   | Found a gate leading to a gauntlet.
 24254 | Gauntlet | Entered a Gauntlet
 24254 | Gauntlet | Found a transporter.
 24254 | Gauntlet | Found a large runed translucent door.
 24254 | Gauntlet | Found a large runed translucent door.
 24254 | Gauntlet | Found a large runed translucent door.
 24254 | Gauntlet | Found a large runed translucent door.
 24254 | Gauntlet | Found a runed translucent door.
 24254 | Gauntlet | Found a runed translucent door.
 24254 | Gauntlet | Found a large runed translucent door.
 24254 | Gauntlet | Found a large runed translucent door.
 24254 | Gauntlet | Found a large runed translucent door.
 24254 | Gauntlet | Found a large runed translucent door.
 24254 | Gauntlet | Found a large runed translucent door.
 24254 | Gauntlet | Found a large runed translucent door.
 24255 | Gauntlet | Found a large runed translucent door.
 24255 | Gauntlet | Found a large runed translucent door.
 24256 | Gauntlet | Found a large runed translucent door.
 24256 | Gauntlet | Found a large runed translucent door.
 24256 | Gauntlet | Found a large runed translucent door.
 24256 | Gauntlet | Found a large runed translucent door.
 24257 | Gauntlet | Found a runed translucent gate.
 24257 | Gauntlet | Found a runed translucent gate.
 24257 | Gauntlet | Found a runed translucent gate.
 24258 | Gauntlet | Found a transporter.
 24266 | Gauntlet | Found a transporter.
 24266 | Gauntlet | Found a transporter.
 24278 | Gauntlet | Found a transporter.
 24303 | Gauntlet | Found a transporter.
 24311 | Gauntlet | Found a transporter.
 24326 | Gauntlet | Found a transporter.
 24355 | Gauntlet | Found a transporter.
 24735 | Gauntlet | Got a scorched hat
 24747 | Gauntlet | Identified the cursed +0 hat "Arouteamm" {Int+3} (You found
                  | it in a Gauntlet)
 24749 | Gauntlet | Found a transporter.
 24750 | Gauntlet | Noticed a reaper
 24751 | Gauntlet | Found a transporter.
 25256 | Lair:4   | Noticed Nessos
 25285 | Lair:4   | Killed Nessos
 25285 | Lair:4   | Reached XP level 15. HP: 96/119 MP: 28/28
 25380 | Lair:4   | Found a hole to the Spider Nest.
 25889 | Lair:4   | Got a smoking lajatang
 25900 | Lair:4   | Noticed Sonja
 25905 | Lair:4   | Killed Sonja
 26223 | Lair:2   | Identified the +6 lajatang of the Past {elec, rElec Int+4}
                  | (You found it on level 4 of the Lair of Beasts)
 26449 | Orc:2    | Bought a potion of curing for 48 gold pieces
 26449 | Orc:2    | Bought a potion of curing for 48 gold pieces
 26607 | D:8      | Bought a potion of berserk rage for 60 gold pieces
 26607 | D:8      | Bought a scroll of blinking for 90 gold pieces
 26697 | D:11     | Bought a potion of curing for 66 gold pieces
 26768 | D:8      | Bought a scroll of identify for 26 gold pieces
 26768 | D:8      | Bought a scroll of identify for 26 gold pieces
 27287 | Lair:5   | Found a staircase to the Slime Pits.
 28043 | Lair:5   | Found a shimmering altar of Xom.
 28145 | Lair:6   | Entered Level 6 of the Lair of Beasts
 28536 | Lair:6   | Got a polished plate armour
 28552 | Lair:6   | Reached skill level 10 in Short Blades
 28552 | Lair:6   | Reached skill level 10 in Axes
 28552 | Lair:6   | Reached skill level 10 in Maces & Flails
 28552 | Lair:6   | Reached skill level 10 in Polearms
 28552 | Lair:6   | Reached skill level 10 in Staves
 28552 | Lair:6   | Reached skill level 10 in Slings
 28552 | Lair:6   | Reached skill level 10 in Bows
 28552 | Lair:6   | Reached skill level 10 in Crossbows
 28552 | Lair:6   | Reached skill level 10 in Throwing
 28552 | Lair:6   | Reached skill level 10 in Armour
 28552 | Lair:6   | Reached skill level 10 in Shields
 28552 | Lair:6   | Reached skill level 10 in Unarmed Combat
 28552 | Lair:6   | Reached skill level 10 in Spellcasting
 28552 | Lair:6   | Reached skill level 10 in Evocations
 29953 | Lair:2   | Identified the +1 plate armour "Dustric" {rPois rC+ Dex+6}
                  | (You found it on level 6 of the Lair of Beasts)
 30037 | Shoals:1 | Entered Level 1 of the Shoals
 30283 | Shoals:1 | Slain by a merfolk

Skill      XL: |  1  2  3  4  5  6  7  8  9 10 11 12 13 14 15 |
---------------+----------------------------------------------+-----
Invocations    | 1 2 3 4 5 6 7 8 9 10 11 | 11.0
Short Blades   | 1 2 3 4 5 6 7 8 9 10 | 10.1
Axes           | 1 2 3 4 5 6 7 8 9 10 | 10.1
Maces & Flails | 1 2 3 4 5 6 7 8 9 10 | 10.1
Polearms       | 1 2 3 4 5 6 7 8 9 10 | 10.1
Staves         | 1 2 3 4 5 6 7 8 9 10 | 10.1
Slings         | 1 2 3 4 5 6 7 8 9 10 | 10.1
Bows           | 1 2 3 4 5 6 7 8 9 10 | 10.1
Crossbows      | 1 2 3 4 5 6 7 8 9 10 | 10.1
Throwing       | 1 2 3 4 5 6 7 8 9 10 | 10.1
Armour         | 1 2 3 4 5 6 7 8 9 10 | 10.1
Shields        | 1 2 3 4 5 6 7 8 9 10 | 10.1
Unarmed Combat | 1 2 3 4 5 6 7 8 9 10 | 10.1
Spellcasting   | 1 2 3 4 5 6 7 8 9 10 | 10.1
Evocations     | 1 2 3 4 5 6 7 8 9 10 | 10.1
Conjurations   | 1 2 3 4 5 6 7 8 |  8.5
Hexes          | 1 2 3 4 5 6 7 8 |  8.5
Charms         | 1 2 3 4 5 6 7 8 |  8.5
Summonings     | 1 2 3 4 5 6 7 8 |  8.5
Necromancy     | 1 2 3 4 5 6 7 8 |  8.5
Translocations | 1 2 3 4 5 6 7 8 |  8.5
Transmutations | 1 2 3 4 5 6 7 8 |  8.5
Fire Magic     | 1 2 3 4 5 6 7 8 |  8.5
Ice Magic      | 1 2 3 4 5 6 7 8 |  8.5
Air Magic      | 1 2 3 4 5 6 7 8 |  8.5
Earth Magic    | 1 2 3 4 5 6 7 8 |  8.5
Poison Magic   | 1 2 3 4 5 6 7 8 |  8.5
Fighting       | 7 8 9 10 11 | 11.8
Long Blades    | 7 8 9 10 11 | 11.8
Dodging        | 7 8 9 10 11 | 11.8
Stealth        | 5 6 7 8 9 10 | 10.9

Action                   |  1- 3 |  4- 6 |  7- 9 | 10-12 | 13-15 || total
-------------------------+-------+-------+-------+-------+-------++-------
Melee: Falchion          |    72 |    65 |       |       |       ||   137
       Bite              |     8 |    17 |    39 |    94 |   218 ||   376
       Dagger            |     2 |    10 |       |       |       ||    12
       Quarterstaff      |       |    24 |   204 |   109 |       ||   337
       Punch             |       |     1 |       |    27 |    28 ||    56
       Scimitar          |       |       |       |   387 |   929 ||  1316
       Eveningstar       |       |       |       |       |    55 ||    55
       Unarmed           |       |       |       |       |    10 ||    10
Invok: Stomp             |       |       |     3 |       |     1 ||     4
Evoke: Wand              |       |       |     1 |    32 |    40 ||    73
  Use: Scroll            |       |     8 |     4 |     7 |    17 ||    36
       Potion            |       |       |     2 |     2 |    15 ||    19
 Stab: Sleeping          |     6 |     9 |     9 |    15 |    30 ||    69
       Distracted        |       |       |     3 |       |     5 ||     8
       Paralysed         |       |       |     8 |    35 |    61 ||   104
       Confused          |       |       |     1 |       |       ||     1
  Eat: Chunk             |     1 |     6 |    11 |    26 |    44 ||    88
       Ration            |       |       |       |       |     2 ||     2
Armor: Robe              |    10 |    12 |     3 |       |       ||    25
       Leather armour    |       |       |    23 |   140 |   213 ||   376
Dodge: Dodged            |    36 |    79 |   200 |   479 |   865 ||  1659
       Deflected         |       |       |       |       |    16 ||    16
Block: Buckler           |       |       |       |       |   170 ||   170
       Rpst.: Falchion   |     9 |    17 |       |       |       ||    26
       Scimitar          |       |       |       |   101 |   156 ||   257
